 Dungeon Crawl Stone Soup version 0.30.0-10-gfe55d96785 (webtiles) character file.

Game seed: 16414583804511273277

231 booth the Conjurer (level 5, -4/40 HPs)
             Began as a Demonspawn Reaver on May 14, 2023.
             Slain by an orc priest
             ... wielding a +0 trident
              (7 damage)
             ... on level 4 of the Dungeon.
             The game lasted 00:21:26 (3325 turns).

booth the Conjurer (Demonspawn Reaver)              Turns: 3325, Time: 00:21:27

Health: -4/40      AC:  7    Str: 14      XL:     5   Next: 73%
Magic:  9/9        EV: 12    Int: 15      God:
Gold:   180        SH:  0    Dex: 12 (15) Spells: 6/9 levels left

rFire   . . .        a - +0 hand axe
rCold   . . .        s - orb of the Endless Expanse {light, rPois rN+ Dex+4}
rNeg    + + .        b - +0 leather armour
rPois   +            (helmet restricted)
rElec   .            u - +1 cloak
rCorr   .            (no gloves)
SInv    .            (no boots)
Will    .....        (no amulet)
Stlth   +            t - ring of positive energy
HPRegen 0.26/turn    i - ring of poison resistance
MPRegen 0.11/turn

%: no passive effects
@: glowing
A: horns 1, molten scales 1, powered by death 1
a: no special abilities


You were on level 4 of the Dungeon.
You visited 1 branch of the dungeon, and saw 4 of its levels.

You collected 180 gold pieces.

Inventory:

Hand Weapons
 a - a +0 hand axe (weapon)
Missiles
 d - 15 poisoned darts (quivered)
 j - a throwing net
Armour
 b - a +0 leather armour (worn)
 r - a +0 helmet
 s - the orb of the Endless Expanse (worn) {light, rPois rN+ Dex+4}
   (You found it on level 2 of the Dungeon)

   Dex:       It affects your dexterity (+4).
   rPois:     It protects you from poison.
   rN:        It protects you from negative energy.
 u - a +1 cloak (worn)
Jewellery
 i - a ring of poison resistance (right hand)
 t - a ring of positive energy (left hand)
Scrolls
 e - a scroll of enchant weapon {unknown}
 n - a scroll of amnesia
 o - a scroll of teleportation
 q - a scroll of summoning
Potions
 c - 2 potions of brilliance
 f - 2 potions of flight
 g - a potion of magic {unknown}
 h - a potion of cancellation
 k - a potion of might {unknown}
 l - 2 potions of lignification {unknown}
 m - a potion of resistance {unknown}
 p - a potion of curing


   Skills:
 + Level 2.9 Fighting
 + Level 3.3 Axes
 + Level 2.6 Dodging
 + Level 2.7 Spellcasting
 * Level 4.1 Conjurations
 + Level 1.4 Necromancy
 + Level 1.2 Translocations


You had 6 spell levels left.
You knew the following spells:

 Your Spells              Type           Power      Damage    Failure   Level
a - Kiss of Death         Conj/Necr      40%        2d8       9%          1
b - Momentum Strike       Conj/Tloc      20%        3d8       13%         2

Your spell library contained the following spells:

 Spells                   Type           Power      Damage    Failure   Level
 Hailstorm                Conj/Ice       8%         3d4       34%         3


Dungeon Overview and Level Annotations

Branches:
Dungeon (4/15)
 Temple: D:4-7

Altars:
Kikubaaqudgha

Annotations:
D:3 3 runed translucent doors, SnakkuSnakku7's ghost, weakling VSFE


Innate Abilities, Weirdness & Mutations

You have a pair of small horns on your head.
You are partially covered in molten scales. (AC +2)
You regenerate a little health from kills.


Message History

The orc hits you with a +0 hand axe.
You hit the orc. You headbutt the orc.
You kill the orc!
You hit the orc but do no damage. The orc hits you with a +0 dagger.
You hit the orc but do no damage. The orc hits you with a +0 dagger.
The orc priest barely misses you.
You hit the orc.
The orc is moderately wounded.
The orc barely misses you. The orc priest closely misses you.
You barely miss the orc.
The orc is moderately wounded.
The orc priest hits you but does no damage.
The orc hits you with a +0 dagger.
* * * LOW HITPOINT WARNING * * *
You hit the orc but do no damage.
The orc is moderately wounded.
The orc priest calls upon Beogh to heal the orc.
The orc's wounds heal themselves!
The orc hits you but does no damage. The orc priest barely misses you.
You see here a +0 club.
The orc priest hits you with a +0 trident.
* * * LOW HITPOINT WARNING * * *
Things that are here:
a +0 hand axe; a +0 leather armour; an orc corpse You hit the orc priest.
The orc priest is lightly wounded.
You hit the orc but do no damage. The orc priest barely misses you.
The orc closely misses you. x2; The orc priest closely misses you.
You hit the orc priest.
The orc priest is heavily wounded.
You completely miss the orc.
The orc priest hits you with a +0 trident.
* * * LOW HITPOINT WARNING * * *
The orc hits you but does no damage.
You hit the orc priest but do no damage.
You headbutt the orc priest, but do no damage.
The orc priest is heavily wounded.
You hit the orc.
The orc priest hits you with a +0 trident!
You die...

##.........[........#
#####........##.
#...............
..####.#........
#.#.##..#..
#.#.##..##.
#...)......
###o######. #@# #o#
... ##.#. #.#.# #.. #
##. .


You could see an orc priest and an orc.

Vanquished Creatures
  An ogre (D:4)
  Crazy Yiuf (D:2)
  4 adders
  2 worms
  6 dart slugs
  4 orcs
  4 ball pythons
  4 endoplasms
  3 giant cockroaches
  5 hobgoblins
  6 kobolds
  2 quokkas (D:1)
  2 bats (D:3)
  5 frilled lizards
  8 goblins
  5 rats
62 creatures vanquished.

Notes
Turn   | Place    | Note
-------+----------+-------------------------------------------
     0 | D:1      | booth the Demonspawn Reaver began the quest for the Orb.
     0 | D:1      | Reached XP level 1. HP: 16/16 MP: 3/3
   129 | D:1      | Gained mutation: You regenerate a little health from kills.
                  | [demonic ancestry]
   129 | D:1      | Reached XP level 2. HP: 22/22 MP: 5/5
   548 | D:1      | Gained mutation: You are partially covered in molten
                  | scales. (AC +2) [demonic ancestry]
   548 | D:1      | Reached XP level 3. HP: 28/28 MP: 6/6
  1123 | D:2      | Identified the orb of the Endless Expanse {light, rPois rN+
                  | Dex+4}
  1142 | D:2      | Learned a level 2 spell: Momentum Strike
  1523 | D:2      | Reached XP level 4. HP: 8/34 MP: 7/7
  1757 | D:2      | Found a runed translucent door.
  1758 | D:2      | Noticed Crazy Yiuf
  1767 | D:2      | Killed Crazy Yiuf
  2058 | D:3      | Found a faded altar of an unknown god.
  2442 | D:3      | Found an ancient bone altar of Kikubaaqudgha.
  2643 | D:3      | Noticed SnakkuSnakku7's ghost (weakling VSFE)
  2653 | D:3      | Found a runed translucent gate.
  2653 | D:3      | Found a runed translucent gate.
  2655 | D:3      | Found a runed translucent gate.
  3034 | D:4      | Noticed an ogre
  3052 | D:4      | Killed an ogre
  3053 | D:4      | Reached skill level 4 in Conjurations
  3053 | D:4      | Reached skill level 1 in Necromancy
  3053 | D:4      | Reached skill level 1 in Translocations
  3053 | D:4      | Gained mutation: You have a pair of small horns on your
                  | head. [demonic ancestry]
  3053 | D:4      | Reached XP level 5. HP: 6/40 MP: 7/9
  3073 | D:4      | HP: 1/40 [worm (8)]
  3325 | D:4      | Slain by an orc priest

Illustrated notes

Levels and vault maps discovered:
D:1:      erik_arrival_triangle_small, layout_basic, minmay_split_cup_small
D:2:      minmay_angry_zag, layout_basic, grunt_ministairs_15,
          minmay_pentomino_z2, uniq_crazy_yiuf_cottage
D:3:      layout_loops_ring, amcnicky_altar_gilded, gammafunk_ghost_split,
          shapermc_ecumenical_altar_mp_ritualfount
D:4:      layout_loops_cross, cheibrodos_sewer_entry_drain

Skill      XL: |  1  2  3  4 |
---------------+-------------+-----
Dodging        | 2 |  2.6
Axes           | 3 |  3.3
Conjurations   | 4 |  4.1
Necromancy     | 1 |  1.4
Translocations | 1 |  1.2
Fighting       | |  2.9
Spellcasting   | |  2.7

Action                     |  1- 3 |  4- 6 || total
---------------------------+-------+-------++-------
  Melee: Hand axe          |   116 |    95 ||   211
         Punch             |     2 |       ||     2
         Headbutt          |       |     9 ||     9
  Throw: Dart              |       |     1 ||     1
    Use: Scroll            |     3 |     6 ||     9
         Potion            |     3 |     4 ||     7
 Armour: Leather armour    |    34 |    26 ||    60
  Dodge: Dodged            |    61 |    58 ||   119
